Oilers vs Canadiens
(R1)
Created - December 3, 2022 at 09:05
Goals
|
| Oilers |
0 |
3 |
2 |
5 |
| Canadiens |
0 |
3 |
0 |
3 |
|
Shots
|
| Oilers |
8 |
11 |
11 |
30 |
| Canadiens |
16 |
6 |
10 |
32 |
|
1st period
No Goal
Penalties :
Viktor Arvidsson (Edm) for Hooking (Minor) at 4:22
2nd period
1. Oilers , Evander Kane 3 (Viktor Arvidsson 5, Ryan Nugent-Hopkins 6) at 0:56
2. Canadiens , Adam Fox 4 (Phil Kessel 9, Allen York) at 7:33 (PP)
3. Oilers , David Pastrnak 5 (Connor McDavid 13, James Neal 5) at 8:54 (PP)
4. Canadiens , Adam Fox 5 (Jordan Szwarz 4, Allen York) at 13:16
5. Canadiens , Cam Fowler 2 (Adam Fox 4, Greg Stewart 8) at 14:49 (PP)
6. Oilers , David Pastrnak 6 (Leon Draisaitl 10, Connor McDavid 14) at 16:06
Penalties :
Scott Hartnell (Mon) for Roughing (Minor) at 3:36, Brady Skjei (Edm) for Cross-checking (Minor) at 6:48, Steve Downie (Mon) for Holding (Minor) at 8:38, Shea Weber (Edm) for Hooking (Minor) at 10:20, Jake Gardiner (Edm) for Goalie Interference (Minor) at 13:40
3rd period
7. Oilers , Ryan Nugent-Hopkins 3 (Evander Kane 10) at 0:04
8. Oilers , David Pastrnak 7 (Tobias Enstrom 3, Leon Draisaitl 11) at 13:16
Penalties :
Viktor Arvidsson (Edm) for Roughing (Minor) at 2:30, Zach Hyman (Edm) for Hooking (Minor) at 7:43, David Pastrnak (Edm) for Slashing (Minor) at 11:04, Ryan Nugent-Hopkins (Edm) for Interference (Minor) at 17:43
Goalie Stats
Jonas Hiller (Edm), 29 saves from 32 shots - (0.906), W, 2-0-1, 60:00 minutes
Allen York (Mon), 25 saves from 30 shots - (0.833), L, 1-2-0, 60:00 minutes
Players Stats for Oilers
Player Name G A P +/- PIM S H SB GA TA FO MP PP MP PK MP
------------------------------------------------------------------------------------
Anton Slepyshev 0 0 0 1 0 1 1 0 0 0 0/1 7:51 0:00 0:59
Brady Skjei 0 0 0 3 2 3 1 3 0 0 0/0 22:06 1:31 1:38
Cam Barker 0 0 0 0 0 1 0 3 0 0 0/0 21:30 0:44 5:13
Connor McDavid 0 2 2 1 0 4 0 1 0 1 5/14 13:49 1:33 0:32
David Pastrnak 3 0 3 2 2 5 0 0 0 0 0/0 13:12 1:33 0:00
Evander Kane 1 1 2 1 0 4 2 0 1 1 0/2 24:07 0:00 8:06
Jake Gardiner 0 0 0 3 2 1 2 1 0 2 0/0 27:51 0:44 7:26
James Neal 0 1 1 0 0 0 2 0 0 0 1/1 10:28 1:33 0:00
Leon Draisaitl 0 2 2 2 0 2 1 1 0 0 0/0 15:46 0:42 2:54
Marcus Pettersson 0 0 0 0 0 0 0 1 0 0 0/0 10:40 1:31 0:00
Mark Stone 0 0 0 0 0 2 0 1 0 0 0/1 9:30 0:42 0:00
Patrice Bergeron 0 0 0 0 0 1 1 0 1 0 8/15 16:56 0:00 8:06
Ryan Getzlaf 0 0 0 0 0 0 0 0 0 0 1/3 6:16 0:00 0:00
Ryan Nugent-Hopkins 1 1 2 1 2 3 2 1 1 0 11/25 21:36 0:42 3:49
Shea Weber 0 0 0 0 2 0 0 0 0 1 0/0 19:19 0:00 7:15
Tobias Enstrom 0 1 1 0 0 1 0 0 0 0 0/0 18:33 0:00 6:04
Viktor Arvidsson 0 1 1 1 4 2 1 1 0 0 1/1 20:14 0:00 3:10
Zach Hyman 0 0 0 0 2 0 0 2 0 0 0/0 6:20 0:00 0:00
Players Stats for Canadiens
Player Name G A P +/- PIM S H SB GA TA FO MP PP MP PK MP
------------------------------------------------------------------------------------
Adam Fox 2 1 3 0 0 6 0 0 0 0 0/0 24:49 7:58 0:00
Brandon Bollig 0 0 0 0 0 1 1 0 0 0 0/0 7:08 0:08 1:17
Brian Dumoulin 0 0 0 1 0 0 1 0 0 1 0/0 17:34 0:21 0:49
Cam Fowler 1 0 1 -2 0 2 4 2 1 0 0/0 24:34 5:29 1:26
Chris Kreider 0 0 0 -2 0 3 2 1 0 0 0/2 22:49 7:20 0:42
Corban Knight 0 0 0 0 0 4 2 0 0 0 1/2 6:30 0:08 0:39
Greg Stewart 0 1 1 -1 0 1 0 0 1 1 0/0 18:39 6:20 0:00
Ian White 0 0 0 -1 0 0 1 2 0 0 0/0 10:09 0:00 0:49
Jean-Gabriel Pageau 0 0 0 -1 0 3 2 1 1 0 14/23 20:15 6:20 1:36
Jordan Szwarz 0 1 1 0 0 1 0 0 0 0 0/0 5:32 0:00 0:00
Kevin Shattenkirk 0 0 0 -3 0 3 2 4 0 0 0/0 28:23 8:19 1:26
Mark Stuart 0 0 0 -1 0 0 1 1 0 0 0/0 14:31 5:29 0:00
Mattias Tedenby 0 0 0 -1 0 1 0 0 1 0 0/0 18:39 6:20 0:00
Mika Zibanejad 0 0 0 -2 0 0 1 0 0 0 13/24 22:07 7:20 0:00
Phil Kessel 0 1 1 -2 0 2 1 1 1 0 2/2 22:16 7:28 0:00
Ryan Kesler 0 0 0 0 0 1 0 0 0 1 6/10 11:08 0:00 0:00
Scott Hartnell 0 0 0 0 2 2 0 0 0 0 0/0 11:33 0:00 0:16
Steve Downie 0 0 0 0 2 2 2 1 0 0 0/0 11:07 0:00 0:00
3 Stars
1 - David Pastrnak (Edm)
2 - Adam Fox (Mon)
3 - Evander Kane (Edm)
Power Play
Oilers - 1 on 2 Attempt(s) - 50.00%
Canadiens - 2 on 8 Attempt(s) - 25.00%
Penalty Kill
Oilers - 6 on 8 Attempt(s) - 75.00%
- Score 0 goal in Penalty Kill
Canadiens - 1 on 2 Attempt(s) - 50.00%
- Score 0 goal in Penalty Kill
Team Stat
Oilers - Hits : 13 - Faceoff Wins : 27 - Blocked Shots : 15 - Penalty Minutes : 16
Canadiens - Hits : 20 - Faceoff Wins : 36 - Blocked Shots : 13 - Penalty Minutes : 4
Official
Referees : Beaudry Halkidis and Kevin Pollock
Linesman : James Tobias and Pierre Racicot
Game Notes
David Pastrnak has scored a Hat Trick!
Finance
Level 1 -- Attendance: 5507 (91.78%) -- Ticket Income $550,700
Level 2 -- Attendance: 4959 (99.18%) -- Ticket Income $297,540
Level 3 -- Attendance: 1927 (96.35%) -- Ticket Income $67,445
Level 4 -- Attendance: 3819 (95.48%) -- Ticket Income $95,475
Luxury Box -- Attendance: 999 (99.90%) -- Ticket Income $199,800
Game was played at the Centre Bell.
Total Attendance: 17211 (95.62%)
Total Ticket Income: $1,210,960
Other Income: $181,644
Total Income: $1,392,604
Oilers
5 vs 5 Forward
Center Left Wing Right Wing Time % Phy DF OF
1 Ryan Nugent-Hopkins Evander Kane Viktor Arvidsson 40 1 2 2
2 Connor McDavid Leon Draisaitl David Pastrnak 30 1 2 2
3 Patrice Bergeron James Neal Mark Stone 20 1 2 2
4 Ryan Getzlaf Anton Slepyshev Zach Hyman 10 1 2 2
5 vs 5 Defense
Defense Defense Time % Phy DF OF
1 Brady Skjei Jake Gardiner 40 1 2 2
2 Cam Barker Tobias Enstrom 30 1 2 2
3 Shea Weber Marcus Pettersson 20 1 2 2
4 Cam Barker Shea Weber 10 1 2 2
PowerPlay Forward
Center Left Wing Right Wing Time % Phy DF OF
1 Connor McDavid James Neal David Pastrnak 60 1 2 2
2 Ryan Nugent-Hopkins Leon Draisaitl Mark Stone 40 1 2 2
PowerPlay Defense
Defense Defense Time % Phy DF OF
1 Brady Skjei Marcus Pettersson 60 1 2 2
2 Cam Barker Jake Gardiner 40 1 2 2
Penalty Kill 4 Players Forward
Center Wing Time % Phy DF OF
1 Patrice Bergeron Evander Kane 60 1 2 2
2 Ryan Nugent-Hopkins Viktor Arvidsson 40 1 2 2
Penalty Kill 4 Players Defense
Defense Defense Time % Phy DF OF
1 Shea Weber Jake Gardiner 60 1 2 2
2 Cam Barker Tobias Enstrom 40 1 2 2
Penalty Kill - 3 Players Forward
Forward Time % Phy DF OF
1 Patrice Bergeron 60 1 2 2
2 Connor McDavid 40 1 2 2
Penalty Kill - 3 Players Defense
Defense Defense Time % Phy DF OF
1 Brady Skjei Jake Gardiner 60 1 2 2
2 Cam Barker Tobias Enstrom 40 1 2 2
4 vs 4 Forward
Center Wing Time % Phy DF OF
1 Connor McDavid Evander Kane 60 1 2 2
2 Patrice Bergeron Leon Draisaitl 40 1 2 2
4 vs 4 Defense
Defense Defense Time % Phy DF OF
1 Brady Skjei Jake Gardiner 60 1 2 2
2 Cam Barker Tobias Enstrom 40 1 2 2
Last Minutes Offensive
Center Left Wing Right Wing Defense Defense
Connor McDavid Evander Kane David Pastrnak Brady Skjei Jake Gardiner
Last Minutes Defensive
Center Left Wing Right Wing Defense Defense
Patrice Bergeron Evander Kane Viktor Arvidsson Shea Weber Jake Gardiner
Goaltenders
Starting : Jonas Hiller
Backup : James Reimer
Extra Forwards
Normal : Leon Draisaitl, Ryan Nugent-Hopkins, Viktor Arvidsson - PP : Leon Draisaitl, Ryan Nugent-Hopkins - PK : Leon Draisaitl
Extra Defensemen
Normal : Tobias Enstrom, Shea Weber, Marcus Pettersson - PP : Tobias Enstrom - PK : Tobias Enstrom, Shea Weber
Penalty Shots
Evander Kane, Connor McDavid, David Pastrnak, Patrice Bergeron, Leon Draisaitl
Scratches
None
Canadiens
5 vs 5 Forward
Center Left Wing Right Wing Time % Phy DF OF
1 Mika Zibanejad Chris Kreider Phil Kessel 40 0 1 4
2 Jean-Gabriel Pageau Greg Stewart Mattias Tedenby 35 0 1 4
3 Ryan Kesler Scott Hartnell Steve Downie 20 0 2 3
4 Corban Knight Brandon Bollig Jordan Szwarz 5 0 3 2
5 vs 5 Defense
Defense Defense Time % Phy DF OF
1 Kevin Shattenkirk Cam Fowler 40 0 2 3
2 Brian Dumoulin Adam Fox 30 0 3 2
3 Ian White Mark Stuart 20 0 3 2
4 Kevin Shattenkirk Cam Fowler 10 1 2 2
PowerPlay Forward
Center Left Wing Right Wing Time % Phy DF OF
1 Mika Zibanejad Chris Kreider Phil Kessel 60 0 0 5
2 Jean-Gabriel Pageau Greg Stewart Mattias Tedenby 40 0 0 5
PowerPlay Defense
Defense Defense Time % Phy DF OF
1 Kevin Shattenkirk Adam Fox 60 0 0 5
2 Mark Stuart Cam Fowler 40 0 0 5
Penalty Kill 4 Players Forward
Center Wing Time % Phy DF OF
1 Jean-Gabriel Pageau Scott Hartnell 60 0 4 1
2 Mika Zibanejad Chris Kreider 40 0 4 1
Penalty Kill 4 Players Defense
Defense Defense Time % Phy DF OF
1 Kevin Shattenkirk Cam Fowler 60 1 4 0
2 Brian Dumoulin Ian White 40 1 4 0
Penalty Kill - 3 Players Forward
Forward Time % Phy DF OF
1 Corban Knight 60 0 5 0
2 Ryan Kesler 40 0 5 0
Penalty Kill - 3 Players Defense
Defense Defense Time % Phy DF OF
1 Mark Stuart Brian Dumoulin 60 1 4 0
2 Ian White Cam Fowler 40 1 4 0
4 vs 4 Forward
Center Wing Time % Phy DF OF
1 Ryan Kesler Steve Downie 60 0 2 3
2 Corban Knight Mattias Tedenby 40 0 2 3
4 vs 4 Defense
Defense Defense Time % Phy DF OF
1 Ian White Brian Dumoulin 60 0 3 2
2 Kevin Shattenkirk Cam Fowler 40 0 3 2
Last Minutes Offensive
Center Left Wing Right Wing Defense Defense
Mika Zibanejad Chris Kreider Phil Kessel Kevin Shattenkirk Adam Fox
Last Minutes Defensive
Center Left Wing Right Wing Defense Defense
Jean-Gabriel Pageau Scott Hartnell Steve Downie Kevin Shattenkirk Cam Fowler
Goaltenders
Starting : Allen York
Backup : Kristers Gudlevskis
Extra Forwards
Normal : Chris Kreider, Mika Zibanejad, Jean-Gabriel Pageau - PP : Chris Kreider, Mika Zibanejad - PK : Scott Hartnell
Extra Defensemen
Normal : Kevin Shattenkirk, Cam Fowler, Adam Fox - PP : Kevin Shattenkirk - PK : Cam Fowler, Kevin Shattenkirk
Penalty Shots
Mattias Tedenby, Phil Kessel, Ryan Kesler, Greg Stewart, Mika Zibanejad
Scratches
Nick Spaling (Healthy), Philip Larsen (Left Knee Injury)
% Time on Ice - Oilers
Lines # - Real PCT - Wanted PCT - Time Play
Normal Forward
1 - 37% - 40% - 16:23
2 - 28% - 30% - 12:30
3 - 20% - 20% - 8:48
4 - 14% - 10% - 6:16
Normal Defense
1 - 44% - 40% - 19:15
2 - 29% - 30% - 12:56
3 - 21% - 20% - 9:09
4 - 6% - 10% - 2:37
PP Forward
1 - 69% - 60% - 1:33
2 - 31% - 40% - 0:42
PP Defense
1 - 67% - 60% - 1:31
2 - 33% - 40% - 0:44
PK Forward
1 - 67% - 60% - 9:15
2 - 33% - 40% - 4:33
PK Defense
1 - 67% - 60% - 9:14
2 - 33% - 40% - 4:34
PK3 Forward
1 - 0% - 60%
2 - 0% - 40%
PK3 Defense
1 - 0% - 60%
2 - 0% - 40%
44 Forward
1 - 0% - 60%
2 - 0% - 40%
44 Defense
1 - 0% - 60%
2 - 0% - 40%
Last Minute Offensive - 0:00
Last Minute Defensive - 0:00
Total
Forward - 60:00
Defense - 60:00
|
% Time on Ice - Canadiens
Lines # - Real PCT - Wanted PCT - Time Play
Normal Forward
1 - 35% - 40% - 15:14
2 - 28% - 35% - 12:19
3 - 25% - 20% - 11:08
4 - 12% - 5% - 5:16
Normal Defense
1 - 41% - 40% - 18:07
2 - 34% - 30% - 14:53
3 - 21% - 20% - 9:20
4 - 4% - 10% - 1:37
PP Forward
1 - 54% - 60% - 7:28
2 - 46% - 40% - 6:20
PP Defense
1 - 60% - 60% - 8:19
2 - 40% - 40% - 5:29
PK Forward
1 - 100% - 60% - 2:15
2 - 0% - 40% - 0:00
PK Defense
1 - 64% - 60% - 1:26
2 - 36% - 40% - 0:49
PK3 Forward
1 - 0% - 60%
2 - 0% - 40%
PK3 Defense
1 - 0% - 60%
2 - 0% - 40%
44 Forward
1 - 0% - 60%
2 - 0% - 40%
44 Defense
1 - 0% - 60%
2 - 0% - 40%
Last Minute Offensive - 0:00
Last Minute Defensive - 0:00
Total
Forward - 60:00
Defense - 60:00
|
Play-by-Play
1st period
0:01 of 1st period - Ryan Nugent-Hopkins wins face-off versus Mika Zibanejad in neutral zone.
0:26 of 1st period - Kevin Shattenkirk is hit by Jake Gardiner and loses puck.
2:26 of 1st period - Icing by Brian Dumoulin.
2:27 of 1st period - Ryan Kesler wins face-off versus Anton Slepyshev in Canadiens zone.
3:17 of 1st period - Wrist shot by David Pastrnak.
3:17 of 1st period - Shot Blocked by Steve Downie.
3:39 of 1st period - Slapshot by Corban Knight.
3:39 of 1st period - Stopped by Jonas Hiller with a rebound.
3:59 of 1st period - Mark Stuart is hit by Viktor Arvidsson and loses puck.
4:20 of 1st period - Slapshot by Kevin Shattenkirk.
4:20 of 1st period - Shot Misses the Net.
4:22 of 1st period - Minor Penalty to Viktor Arvidsson for Hooking.
4:23 of 1st period - Patrice Bergeron wins face-off versus Mika Zibanejad in Oilers zone.
4:40 of 1st period - Slapshot by Kevin Shattenkirk.
4:40 of 1st period - Stopped by Jonas Hiller without a rebound.
4:41 of 1st period - Jean-Gabriel Pageau wins face-off versus Patrice Bergeron in Oilers zone.
6:22 of 1st period - Penalty to Viktor Arvidsson is over, Viktor Arvidsson is back on ice.
6:27 of 1st period - Anton Slepyshev is hit by Brian Dumoulin and loses puck.
6:57 of 1st period - Backhand shot by David Pastrnak.
6:57 of 1st period - Stopped by Allen York with a rebound.
6:59 of 1st period - Slapshot by Shea Weber.
6:59 of 1st period - Shot Misses the Net.
7:13 of 1st period - Marcus Pettersson is hit by Chris Kreider and loses puck.
8:15 of 1st period - Snap shot by Patrice Bergeron.
8:15 of 1st period - Shot Misses the Net.
8:25 of 1st period - Brady Skjei is hit by Brandon Bollig and loses puck.
8:46 of 1st period - Wrist shot by Jean-Gabriel Pageau.
8:46 of 1st period - Shot Misses the Net.
8:48 of 1st period - Slapshot by Kevin Shattenkirk.
8:48 of 1st period - Shot Misses the Net.
8:50 of 1st period - Slapshot by Adam Fox.
8:50 of 1st period - Stopped by Jonas Hiller with a rebound.
9:39 of 1st period - Mark Stuart is hit by Evander Kane and loses puck.
9:56 of 1st period - Shea Weber is hit by Ian White and loses puck.
10:37 of 1st period - Icing by Steve Downie.
10:38 of 1st period - Ryan Nugent-Hopkins wins face-off versus Ryan Kesler in Canadiens zone.
10:41 of 1st period - Wrist shot by Evander Kane.
10:41 of 1st period - Stopped by Allen York with a rebound.
10:49 of 1st period - Tobias Enstrom is hit by Kevin Shattenkirk and loses puck.
11:10 of 1st period - Snap shot by Scott Hartnell.
11:10 of 1st period - Shot Blocked by Ryan Nugent-Hopkins.
11:24 of 1st period - Snap shot by Steve Downie.
11:24 of 1st period - Stopped by Jonas Hiller with a rebound.
11:34 of 1st period - Wrist shot by Steve Downie.
11:34 of 1st period - Stopped by Jonas Hiller without a rebound.
11:35 of 1st period - Mika Zibanejad wins face-off versus Connor McDavid in Oilers zone.
12:08 of 1st period - Wrist shot by Jean-Gabriel Pageau.
12:08 of 1st period - Stopped by Jonas Hiller with a rebound.
12:10 of 1st period - Wrist shot by Adam Fox.
12:10 of 1st period - Stopped by Jonas Hiller with a rebound.
12:12 of 1st period - Slapshot by Greg Stewart.
12:12 of 1st period - Shot Hit the Post.
12:30 of 1st period - Slapshot by Brady Skjei.
12:30 of 1st period - Stopped by Allen York without a rebound.
12:31 of 1st period - Connor McDavid wins face-off versus Chris Kreider in Canadiens zone.
12:37 of 1st period - Off-side.
12:38 of 1st period - Mika Zibanejad wins face-off versus Connor McDavid in neutral zone.
13:05 of 1st period - Snap shot by Chris Kreider.
13:05 of 1st period - Stopped by Jonas Hiller with a rebound.
13:17 of 1st period - Wrist shot by Mika Zibanejad.
13:17 of 1st period - Shot Blocked by Connor McDavid.
13:19 of 1st period - Slapshot by Cam Fowler.
13:19 of 1st period - Stopped by Jonas Hiller without a rebound.
13:20 of 1st period - Jean-Gabriel Pageau wins face-off versus Ryan Nugent-Hopkins in Oilers zone.
13:33 of 1st period - Wrist shot by Mattias Tedenby.
13:33 of 1st period - Stopped by Jonas Hiller without a rebound.
13:34 of 1st period - Ryan Nugent-Hopkins wins face-off versus Jean-Gabriel Pageau in Oilers zone.
13:45 of 1st period - Wrist shot by Ryan Nugent-Hopkins.
13:45 of 1st period - Stopped by Allen York without a rebound.
13:46 of 1st period - Ryan Nugent-Hopkins wins face-off versus Jean-Gabriel Pageau in Canadiens zone.
13:51 of 1st period - Snap shot by Evander Kane.
13:51 of 1st period - Shot Blocked by Kevin Shattenkirk.
14:17 of 1st period - Wrist shot by Phil Kessel.
14:17 of 1st period - Stopped by Jonas Hiller with a rebound.
15:00 of 1st period - Backhand shot by Jake Gardiner.
15:00 of 1st period - Stopped by Allen York without a rebound.
15:01 of 1st period - Viktor Arvidsson wins face-off versus Corban Knight in Canadiens zone.
15:06 of 1st period - Snap shot by Viktor Arvidsson.
15:06 of 1st period - Shot Hit the Post.
15:12 of 1st period - Snap shot by Brandon Bollig.
15:12 of 1st period - Deflect By Viktor Arvidsson.
15:12 of 1st period - Stopped by Jonas Hiller without a rebound.
15:13 of 1st period - Ryan Nugent-Hopkins wins face-off versus Mika Zibanejad in Oilers zone.
15:13 of 1st period - Ryan Nugent-Hopkins is hit by Chris Kreider.
15:16 of 1st period - Icing by Jake Gardiner.
15:17 of 1st period - Ryan Nugent-Hopkins wins face-off versus Mika Zibanejad in Oilers zone.
15:22 of 1st period - Mika Zibanejad is hit by Evander Kane and loses puck.
15:51 of 1st period - Slapshot by Greg Stewart.
15:51 of 1st period - Stopped by Jonas Hiller with a rebound.
16:11 of 1st period - Wrist shot by Mark Stone.
16:11 of 1st period - Stopped by Allen York without a rebound.
16:12 of 1st period - Patrice Bergeron wins face-off versus Ryan Kesler in Canadiens zone.
16:13 of 1st period - Slapshot by James Neal.
16:13 of 1st period - Shot Hit the Post.
16:15 of 1st period - Snap shot by James Neal.
16:15 of 1st period - Shot Blocked by Kevin Shattenkirk.
16:17 of 1st period - Slapshot by Cam Barker.
16:17 of 1st period - Deflect By Kevin Shattenkirk.
16:17 of 1st period - Stopped by Allen York with a rebound.
16:58 of 1st period - Connor McDavid is hit by Jean-Gabriel Pageau and loses puck.
17:20 of 1st period - Jake Gardiner is hit by Cam Fowler and loses puck.
17:35 of 1st period - Wrist shot by Jean-Gabriel Pageau.
17:35 of 1st period - Stopped by Jonas Hiller without a rebound.
17:36 of 1st period - James Neal wins face-off versus Mika Zibanejad in Oilers zone.
17:36 of 1st period - James Neal is hit by Mika Zibanejad.
17:51 of 1st period - Snap shot by Chris Kreider.
17:51 of 1st period - Stopped by Jonas Hiller without a rebound.
17:52 of 1st period - Phil Kessel wins face-off versus Ryan Nugent-Hopkins in Oilers zone.
19:07 of 1st period - Jake Gardiner is hit by Steve Downie and loses puck.
19:48 of 1st period - Slapshot by Ryan Nugent-Hopkins.
19:48 of 1st period - Deflect By Evander Kane.
19:48 of 1st period - Stopped by Allen York with a rebound.
19:54 of 1st period - Slapshot by Adam Fox.
19:54 of 1st period - Stopped by Jonas Hiller with a rebound.
19:56 of 1st period - Backhand shot by Jordan Szwarz.
19:56 of 1st period - Deflect By Brandon Bollig.
19:56 of 1st period - Shot Misses the Net.
19:56 of 1st period - Puck is out of play.
19:57 of 1st period - Connor McDavid wins face-off versus Ryan Kesler in Oilers zone.
Goals for this period are 0 for Oilers vs 0 for Canadiens.
Shots for this period are 8 for Oilers vs 16 for Canadiens.
2nd period
0:01 of 2nd period - Mika Zibanejad wins face-off versus Ryan Nugent-Hopkins in neutral zone.
0:56 of 2nd period - Snap shot by Evander Kane.
0:56 of 2nd period - Goal by Evander Kane - Oilers : 1 - Canadiens : 0.
0:57 of 2nd period - Jean-Gabriel Pageau wins face-off versus Connor McDavid in neutral zone.
1:36 of 2nd period - Mark Stuart is hit by Patrice Bergeron and loses puck.
1:49 of 2nd period - Anton Slepyshev is hit by Corban Knight and loses puck.
2:32 of 2nd period - Wrist shot by Greg Stewart.
2:32 of 2nd period - Shot Misses the Net.
2:34 of 2nd period - Snap shot by Greg Stewart.
2:34 of 2nd period - Shot Blocked by Cam Barker.
2:36 of 2nd period - Backhand shot by Kevin Shattenkirk.
2:36 of 2nd period - Stopped by Jonas Hiller without a rebound.
2:37 of 2nd period - Connor McDavid wins face-off versus Jean-Gabriel Pageau in Oilers zone.
2:48 of 2nd period - Slapshot by Kevin Shattenkirk.
2:48 of 2nd period - Shot Blocked by Leon Draisaitl.
2:54 of 2nd period - Slapshot by Leon Draisaitl.
2:54 of 2nd period - Deflect By Cam Fowler.
2:54 of 2nd period - Stopped by Allen York without a rebound.
2:55 of 2nd period - Mika Zibanejad wins face-off versus Ryan Nugent-Hopkins in Canadiens zone.
3:12 of 2nd period - Backhand shot by Viktor Arvidsson.
3:12 of 2nd period - Shot Misses the Net.
3:36 of 2nd period - Minor Penalty to Scott Hartnell for Roughing.
3:37 of 2nd period - Connor McDavid wins face-off versus Jean-Gabriel Pageau in Canadiens zone.
3:46 of 2nd period - Snap shot by Connor McDavid.
3:46 of 2nd period - Stopped by Allen York with a rebound.
3:48 of 2nd period - Snap shot by David Pastrnak.
3:48 of 2nd period - Shot Misses the Net.
3:50 of 2nd period - Slapshot by Connor McDavid.
3:50 of 2nd period - Shot Misses the Net.
3:52 of 2nd period - Snap shot by James Neal.
3:52 of 2nd period - Shot Blocked by Jean-Gabriel Pageau.
3:54 of 2nd period - Slapshot by Connor McDavid.
3:54 of 2nd period - Shot Misses the Net.
4:06 of 2nd period - Wrist shot by Mark Stone.
4:06 of 2nd period - Stopped by Allen York with a rebound.
4:08 of 2nd period - Wrist shot by Leon Draisaitl.
4:08 of 2nd period - Deflect By Ryan Nugent-Hopkins.
4:08 of 2nd period - Shot Hit the Post.
4:08 of 2nd period - Puck is out of play.
4:09 of 2nd period - Jean-Gabriel Pageau wins face-off versus Connor McDavid in Canadiens zone.
4:18 of 2nd period - Slapshot by Brady Skjei.
4:18 of 2nd period - Stopped by Allen York with a rebound.
4:20 of 2nd period - Snap shot by Connor McDavid.
4:20 of 2nd period - Stopped by Allen York without a rebound.
4:21 of 2nd period - Connor McDavid wins face-off versus Jean-Gabriel Pageau in Canadiens zone.
5:36 of 2nd period - Penalty to Scott Hartnell is over, Scott Hartnell is back on ice.
6:30 of 2nd period - Chris Kreider is hit by James Neal and loses puck.
6:48 of 2nd period - Minor Penalty to Brady Skjei for Cross-checking.
6:49 of 2nd period - Patrice Bergeron wins face-off versus Jean-Gabriel Pageau in Oilers zone.
7:31 of 2nd period - Slapshot by Adam Fox.
7:31 of 2nd period - Stopped by Jonas Hiller with a rebound.
7:33 of 2nd period - Slapshot by Adam Fox.
7:33 of 2nd period - Goal by Adam Fox - Oilers : 1 - Canadiens : 1.
7:34 of 2nd period - Jean-Gabriel Pageau wins face-off versus Ryan Nugent-Hopkins in neutral zone.
8:38 of 2nd period - Minor Penalty to Steve Downie for Holding.
8:39 of 2nd period - Jean-Gabriel Pageau wins face-off versus Connor McDavid in Canadiens zone.
8:52 of 2nd period - Wrist shot by Connor McDavid.
8:52 of 2nd period - Stopped by Allen York with a rebound.
8:54 of 2nd period - Snap shot by David Pastrnak.
8:54 of 2nd period - Goal by David Pastrnak - Oilers : 2 - Canadiens : 1.
8:55 of 2nd period - Jean-Gabriel Pageau wins face-off versus Ryan Nugent-Hopkins in neutral zone.
9:02 of 2nd period - Slapshot by Brady Skjei.
9:02 of 2nd period - Shot Blocked by Cam Fowler.
9:07 of 2nd period - Cam Fowler is hit by Brady Skjei and loses puck.
10:20 of 2nd period - Minor Penalty to Shea Weber for Hooking.
10:21 of 2nd period - Mika Zibanejad wins face-off versus Patrice Bergeron in Oilers zone.
10:36 of 2nd period - Snap shot by Mika Zibanejad.
10:36 of 2nd period - Shot Misses the Net.
11:50 of 2nd period - Cam Fowler is hit by Jake Gardiner and loses puck.
12:20 of 2nd period - Penalty to Shea Weber is over, Shea Weber is back on ice.
12:27 of 2nd period - Wrist shot by Anton Slepyshev.
12:27 of 2nd period - Stopped by Allen York without a rebound.
12:28 of 2nd period - Ryan Kesler wins face-off versus Ryan Getzlaf in Canadiens zone.
13:16 of 2nd period - Slapshot by Adam Fox.
13:16 of 2nd period - Goal by Adam Fox - Oilers : 2 - Canadiens : 2.
13:17 of 2nd period - Phil Kessel wins face-off versus Evander Kane in neutral zone.
13:40 of 2nd period - Minor Penalty to Jake Gardiner for Goalie Interference.
13:41 of 2nd period - Mika Zibanejad wins face-off versus Patrice Bergeron in Oilers zone.
13:54 of 2nd period - Wrist shot by Chris Kreider.
13:54 of 2nd period - Shot Misses the Net.
13:56 of 2nd period - Slapshot by Adam Fox.
13:56 of 2nd period - Deflect By Chris Kreider.
13:56 of 2nd period - Shot Misses the Net.
13:56 of 2nd period - Puck is out of play.
13:57 of 2nd period - Mika Zibanejad wins face-off versus Patrice Bergeron in Oilers zone.
14:41 of 2nd period - Greg Stewart is hit by Ryan Nugent-Hopkins.
14:47 of 2nd period - Slapshot by Cam Fowler.
14:47 of 2nd period - Shot Misses the Net.
14:49 of 2nd period - Slapshot by Cam Fowler.
14:49 of 2nd period - Goal by Cam Fowler - Oilers : 2 - Canadiens : 3.
14:50 of 2nd period - Mika Zibanejad wins face-off versus Ryan Nugent-Hopkins in neutral zone.
15:25 of 2nd period - Snap shot by Connor McDavid.
15:25 of 2nd period - Shot Misses the Net.
15:27 of 2nd period - Slapshot by Jake Gardiner.
15:27 of 2nd period - Shot Misses the Net.
15:42 of 2nd period - Icing by David Pastrnak.
15:43 of 2nd period - Ryan Kesler wins face-off versus Connor McDavid in Oilers zone.
15:52 of 2nd period - Wrist shot by Phil Kessel.
15:52 of 2nd period - Stopped by Jonas Hiller with a rebound.
16:00 of 2nd period - Wrist shot by Brady Skjei.
16:00 of 2nd period - Shot Blocked by Phil Kessel.
16:02 of 2nd period - Slapshot by Connor McDavid.
16:02 of 2nd period - Shot Blocked by Ian White.
16:04 of 2nd period - Slapshot by Leon Draisaitl.
16:04 of 2nd period - Stopped by Allen York with a rebound.
16:06 of 2nd period - Backhand shot by David Pastrnak.
16:06 of 2nd period - Goal by David Pastrnak - Oilers : 3 - Canadiens : 3.
16:07 of 2nd period - Jean-Gabriel Pageau wins face-off versus Ryan Nugent-Hopkins in neutral zone.
16:33 of 2nd period - Tobias Enstrom is hit by Cam Fowler and loses puck.
16:40 of 2nd period - Slapshot by Mika Zibanejad.
16:40 of 2nd period - Shot Misses the Net.
17:41 of 2nd period - Wrist shot by Zach Hyman.
17:41 of 2nd period - Shot Blocked by Mark Stuart.
18:14 of 2nd period - Wrist shot by Leon Draisaitl.
18:14 of 2nd period - Shot Hit the Post.
19:30 of 2nd period - Off-side.
19:31 of 2nd period - Jean-Gabriel Pageau wins face-off versus Connor McDavid in neutral zone.
19:57 of 2nd period - Brady Skjei is hit by Cam Fowler.
Goals for this period are 3 for Oilers vs 3 for Canadiens.
Shots for this period are 11 for Oilers vs 6 for Canadiens.
3rd period
0:01 of 3rd period - Jean-Gabriel Pageau wins face-off versus Ryan Nugent-Hopkins in neutral zone.
0:04 of 3rd period - Snap shot by Ryan Nugent-Hopkins.
0:04 of 3rd period - Goal by Ryan Nugent-Hopkins - Oilers : 4 - Canadiens : 3.
0:05 of 3rd period - Ryan Nugent-Hopkins wins face-off versus Jean-Gabriel Pageau in neutral zone.
0:14 of 3rd period - Wrist shot by Viktor Arvidsson.
0:14 of 3rd period - Shot Misses the Net.
0:16 of 3rd period - Snap shot by Viktor Arvidsson.
0:16 of 3rd period - Stopped by Allen York without a rebound.
0:17 of 3rd period - Jean-Gabriel Pageau wins face-off versus Ryan Nugent-Hopkins in Canadiens zone.
0:22 of 3rd period - Slapshot by Cam Fowler.
0:22 of 3rd period - Shot Blocked by Brady Skjei.
0:48 of 3rd period - Jake Gardiner is hit by Phil Kessel and loses puck.
1:11 of 3rd period - Snap shot by Scott Hartnell.
1:11 of 3rd period - Stopped by Jonas Hiller with a rebound.
1:13 of 3rd period - Slapshot by Kevin Shattenkirk.
1:13 of 3rd period - Shot Blocked by Cam Barker.
1:15 of 3rd period - Snap shot by Kevin Shattenkirk.
1:15 of 3rd period - Stopped by Jonas Hiller with a rebound.
1:17 of 3rd period - Slapshot by Cam Fowler.
1:17 of 3rd period - Deflect By Ryan Kesler.
1:17 of 3rd period - Shot Blocked by Cam Barker.
1:17 of 3rd period - Puck is out of play.
1:18 of 3rd period - Jean-Gabriel Pageau wins face-off versus Evander Kane in Oilers zone.
1:22 of 3rd period - Icing by Cam Barker.
1:23 of 3rd period - Jean-Gabriel Pageau wins face-off versus Ryan Nugent-Hopkins in Oilers zone.
1:38 of 3rd period - Wrist shot by Greg Stewart.
1:38 of 3rd period - Shot Misses the Net.
1:49 of 3rd period - Off-side.
1:50 of 3rd period - Mika Zibanejad wins face-off versus Connor McDavid in neutral zone.
1:55 of 3rd period - Snap shot by Mika Zibanejad.
1:55 of 3rd period - Shot Misses the Net.
2:03 of 3rd period - Wrist shot by David Pastrnak.
2:03 of 3rd period - Stopped by Allen York with a rebound.
2:05 of 3rd period - Snap shot by David Pastrnak.
2:05 of 3rd period - Shot Misses the Net.
2:07 of 3rd period - Snap shot by Connor McDavid.
2:07 of 3rd period - Stopped by Allen York with a rebound.
2:30 of 3rd period - Minor Penalty to Viktor Arvidsson for Roughing.
2:31 of 3rd period - Patrice Bergeron wins face-off versus Mika Zibanejad in Oilers zone.
3:31 of 3rd period - Mark Stuart is hit by Leon Draisaitl and loses puck.
4:28 of 3rd period - Phil Kessel is hit by Ryan Nugent-Hopkins and loses puck.
4:30 of 3rd period - Penalty to Viktor Arvidsson is over, Viktor Arvidsson is back on ice.
4:51 of 3rd period - Snap shot by Jordan Szwarz.
4:51 of 3rd period - Stopped by Jonas Hiller with a rebound.
4:53 of 3rd period - Slapshot by Ian White.
4:53 of 3rd period - Deflect By Corban Knight.
4:53 of 3rd period - Stopped by Jonas Hiller with a rebound.
4:55 of 3rd period - Snap shot by Corban Knight.
4:55 of 3rd period - Shot Blocked by Marcus Pettersson.
4:57 of 3rd period - Slapshot by Brian Dumoulin.
4:57 of 3rd period - Shot Blocked by Viktor Arvidsson.
4:59 of 3rd period - Snap shot by Corban Knight.
4:59 of 3rd period - Stopped by Jonas Hiller without a rebound.
5:00 of 3rd period - Ryan Kesler wins face-off versus Ryan Getzlaf in Oilers zone.
5:22 of 3rd period - Icing by Anton Slepyshev.
5:23 of 3rd period - Ryan Getzlaf wins face-off versus Jean-Gabriel Pageau in Oilers zone.
5:34 of 3rd period - Brady Skjei is hit by Cam Fowler and loses puck.
5:56 of 3rd period - Wrist shot by Phil Kessel.
5:56 of 3rd period - Shot Misses the Net.
6:18 of 3rd period - Slapshot by Mika Zibanejad.
6:18 of 3rd period - Shot Blocked by Zach Hyman.
6:20 of 3rd period - Snap shot by Kevin Shattenkirk.
6:20 of 3rd period - Shot Blocked by Zach Hyman.
6:22 of 3rd period - Wrist shot by Chris Kreider.
6:22 of 3rd period - Shot Misses the Net.
6:26 of 3rd period - Snap shot by Chris Kreider.
6:26 of 3rd period - Stopped by Jonas Hiller without a rebound.
6:27 of 3rd period - Ryan Nugent-Hopkins wins face-off versus Jean-Gabriel Pageau in Oilers zone.
7:20 of 3rd period - Cam Barker is hit by Mark Stuart and loses puck.
7:43 of 3rd period - Minor Penalty to Zach Hyman for Hooking.
7:44 of 3rd period - Patrice Bergeron wins face-off versus Mika Zibanejad in Oilers zone.
7:50 of 3rd period - Icing by Mika Zibanejad.
7:51 of 3rd period - Mika Zibanejad wins face-off versus Patrice Bergeron in Canadiens zone.
8:30 of 3rd period - Snap shot by Jean-Gabriel Pageau.
8:30 of 3rd period - Stopped by Jonas Hiller without a rebound.
8:31 of 3rd period - Patrice Bergeron wins face-off versus Mika Zibanejad in Oilers zone.
9:43 of 3rd period - Penalty to Zach Hyman is over, Zach Hyman is back on ice.
10:15 of 3rd period - Wrist shot by Corban Knight.
10:15 of 3rd period - Stopped by Jonas Hiller without a rebound.
10:16 of 3rd period - Corban Knight wins face-off versus Connor McDavid in Oilers zone.
10:23 of 3rd period - Wrist shot by Jordan Szwarz.
10:23 of 3rd period - Deflect By Brandon Bollig.
10:23 of 3rd period - Shot Misses the Net.
10:23 of 3rd period - Puck is out of play.
10:24 of 3rd period - Ryan Nugent-Hopkins wins face-off versus Mika Zibanejad in Oilers zone.
10:31 of 3rd period - Wrist shot by Ryan Nugent-Hopkins.
10:31 of 3rd period - Stopped by Allen York with a rebound.
10:33 of 3rd period - Slapshot by Tobias Enstrom.
10:33 of 3rd period - Shot Blocked by Ian White.
10:35 of 3rd period - Wrist shot by Evander Kane.
10:35 of 3rd period - Stopped by Allen York without a rebound.
10:36 of 3rd period - Ryan Nugent-Hopkins wins face-off versus Mika Zibanejad in Canadiens zone.
10:45 of 3rd period - Wrist shot by Viktor Arvidsson.
10:45 of 3rd period - Shot Blocked by Cam Fowler.
10:47 of 3rd period - Snap shot by Evander Kane.
10:47 of 3rd period - Shot Misses the Net.
10:49 of 3rd period - Slapshot by Tobias Enstrom.
10:49 of 3rd period - Shot Blocked by Chris Kreider.
10:51 of 3rd period - Snap shot by Viktor Arvidsson.
10:51 of 3rd period - Shot Misses the Net.
10:53 of 3rd period - Slapshot by Tobias Enstrom.
10:53 of 3rd period - Stopped by Allen York with a rebound.
11:04 of 3rd period - Minor Penalty to David Pastrnak for Slashing.
11:05 of 3rd period - Patrice Bergeron wins face-off versus Chris Kreider in Oilers zone.
11:36 of 3rd period - Snap shot by Mattias Tedenby.
11:36 of 3rd period - Shot Blocked by Jake Gardiner.
11:38 of 3rd period - Snap shot by Jean-Gabriel Pageau.
11:38 of 3rd period - Shot Misses the Net.
11:40 of 3rd period - Backhand shot by Greg Stewart.
11:40 of 3rd period - Shot Misses the Net.
11:42 of 3rd period - Slapshot by Kevin Shattenkirk.
11:42 of 3rd period - Shot Misses the Net.
11:44 of 3rd period - Snap shot by Kevin Shattenkirk.
11:44 of 3rd period - Shot Misses the Net.
12:59 of 3rd period - Greg Stewart is hit by Anton Slepyshev and loses puck.
13:04 of 3rd period - Penalty to David Pastrnak is over, David Pastrnak is back on ice.
13:10 of 3rd period - Snap shot by David Pastrnak.
13:10 of 3rd period - Shot Blocked by Kevin Shattenkirk.
13:12 of 3rd period - Slapshot by Tobias Enstrom.
13:12 of 3rd period - Shot Blocked by Kevin Shattenkirk.
13:16 of 3rd period - Snap shot by David Pastrnak.
13:16 of 3rd period - Goal by David Pastrnak - Oilers : 5 - Canadiens : 3.
13:17 of 3rd period - Ryan Nugent-Hopkins wins face-off versus Mika Zibanejad in neutral zone.
13:20 of 3rd period - Slapshot by Brady Skjei.
13:20 of 3rd period - Deflect By Chris Kreider.
13:20 of 3rd period - Stopped by Allen York without a rebound.
13:21 of 3rd period - Mika Zibanejad wins face-off versus Ryan Nugent-Hopkins in Canadiens zone.
13:47 of 3rd period - Leon Draisaitl is hit by Steve Downie and loses puck.
13:56 of 3rd period - Snap shot by Steve Downie.
13:56 of 3rd period - Shot Blocked by Brady Skjei.
14:05 of 3rd period - Jake Gardiner is hit by Kevin Shattenkirk and loses puck.
14:51 of 3rd period - Wrist shot by Ryan Nugent-Hopkins.
14:51 of 3rd period - Shot Misses the Net.
14:57 of 3rd period - Wrist shot by Viktor Arvidsson.
14:57 of 3rd period - Stopped by Allen York with a rebound.
15:23 of 3rd period - Icing by Brian Dumoulin.
15:24 of 3rd period - Jean-Gabriel Pageau wins face-off versus Mark Stone in Canadiens zone.
15:49 of 3rd period - Wrist shot by Scott Hartnell.
15:49 of 3rd period - Deflect By Ryan Nugent-Hopkins.
15:49 of 3rd period - Stopped by Jonas Hiller without a rebound.
15:50 of 3rd period - Ryan Kesler wins face-off versus Ryan Nugent-Hopkins in Oilers zone.
16:15 of 3rd period - Chris Kreider is hit by James Neal and loses puck.
16:22 of 3rd period - Wrist shot by Patrice Bergeron.
16:22 of 3rd period - Stopped by Allen York without a rebound.
16:23 of 3rd period - Patrice Bergeron wins face-off versus Ryan Kesler in Canadiens zone.
16:32 of 3rd period - Snap shot by Ryan Kesler.
16:32 of 3rd period - Stopped by Jonas Hiller without a rebound.
16:33 of 3rd period - Ryan Kesler wins face-off versus Patrice Bergeron in Oilers zone.
17:14 of 3rd period - Wrist shot by Ryan Kesler.
17:14 of 3rd period - Shot Blocked by Mark Stone.
17:22 of 3rd period - Wrist shot by Scott Hartnell.
17:22 of 3rd period - Shot Blocked by Brady Skjei.
17:34 of 3rd period - Snap shot by Ryan Kesler.
17:34 of 3rd period - Deflect By Steve Downie.
17:34 of 3rd period - Shot Misses the Net.
17:34 of 3rd period - Puck is out of play.
17:35 of 3rd period - Mika Zibanejad wins face-off versus Ryan Nugent-Hopkins in Oilers zone.
17:43 of 3rd period - Minor Penalty to Ryan Nugent-Hopkins for Interference.
17:44 of 3rd period - Mika Zibanejad wins face-off versus Patrice Bergeron in Oilers zone.
19:20 of 3rd period - Evander Kane is hit by Jean-Gabriel Pageau and loses puck.
19:43 of 3rd period - Penalty to Ryan Nugent-Hopkins is over, Ryan Nugent-Hopkins is back on ice.
19:47 of 3rd period - Shea Weber is hit by Corban Knight and loses puck.
Goals for this period are 2 for Oilers vs 0 for Canadiens.
Shots for this period are 11 for Oilers vs 10 for Canadiens.